 Dungeon Crawl Stone Soup version 0.14.0-12-g87ee3b7 (webtiles) character file.

149 Leibowitz the Cutter (level 4, -10/28 HPs)
             Began as a Kobold Gladiator on Apr 15, 2014.
             Blown up by Ijyb (18 damage)
             ... with a wand of disintegration
             ... on Level 3 of the Dungeon.
             The game lasted 00:05:59 (1522 turns).

Leibowitz the Cutter (Kobold Gladiator)             Turns: 1522, Time: 00:06:00

HP -10/28        AC  5     Str 14      XL: 4   Next: 57%
MP   4/4         EV 15     Int  4 (6)  God:
Gold 73          SH  0     Dex 16      Spells:  0 memorised,  3 levels left

rFire  . . .     SeeInvis .     a - +0 cutlass
rCold  + . .     Clarity  .     b - +0 leather armour
rNeg   . . .     Conserve .     (no shield)
rPois  .         rCorr    .     c - +0 helmet
rElec  .         rRot     .     (no cloak)
SustAb . .       Spirit   .     k - +0 pair of gloves (curse)
rMut   .         Warding  .     (no boots)
Saprov + + .     Stasis   .     (no amulet)
MR     .....                    (no ring)
                                (no ring)

@: not resistant to hostile enchantments, fairly stealthy
A: disease resistance, carnivore 3, cold resistance 1, saprovore 2
a: no special abilities


You were on level 3 of the Dungeon.
You were very full.

You visited 1 branch of the dungeon, and saw 3 of its levels.

You collected 73 gold pieces.

Inventory:

Hand weapons
 a - a +0,+0 cutlass (weapon)
Missiles
 d - 3 throwing nets (quivered)
 o - 16 poisoned needles
Armour
 b - a +0 leather armour (worn)
 c - a +0 helmet (worn)
 k - a cursed +0 pair of gloves (worn)
Magical devices
 r - a wand of slowing (11)
Comestibles
 f - 3 meat rations
Scrolls
 e - a scroll of amnesia {unknown}
 i - 4 scrolls of recharging {unknown}
 j - 2 scrolls of enchant armour {unknown}
 l - a scroll of enchant weapon II {unknown}
 m - a scroll of enchant weapon I {unknown}
 p - 2 scrolls of remove curse {unknown}
 t - a scroll of identify {unknown}
 u - 2 scrolls of random uselessness {unknown}
Potions
 g - a potion of brilliance {unknown}
 h - a potion of mutation
 q - a potion of invisibility {unknown}
 s - a potion of degeneration


   Skills:
 * Level 3.1 Fighting
 + Level 5.0 Short Blades
 - Level 2.6 Throwing
 + Level 4.3 Dodging
 * Level 1.7 Stealth


You had 3 spell levels left.
You didn't know any spells.

Dungeon Overview and Level Annotations

Branches:
Dungeon (3/15)

Altars:

Annotations:
D:3 Ijyb


Innate Abilities, Weirdness & Mutations

You recuperate from illness quickly.
You are small and have problems with some larger weapons.
You are carnivorous and can eat meat at any time.
You can eat rotten meat.
Your flesh is cold resistant.


Message History

You closely miss the jackal. The jackal misses you.
You slash the jackal!
You kill the jackal!
You hit Ijyb but do no damage.
Ijyb zaps a wand.
You are blasted!
You closely miss Ijyb.
Ijyb zaps a wand.
You are blasted!
Ouch! That really hurt!
* * * LOW HITPOINT WARNING * * *
Drink which item? (? for menu, Esc to quit)
You feel better.
It was a potion of curing.
Ijyb misses you.
Drink which item? (? for menu, Esc to quit)
You feel extremely strange.
You feel hot for a moment.
You feel less in control of your magic.
You regain control of your magic.
It was a potion of mutation.
Ijyb misses you.
Drink which item? (? for menu, Esc to quit)
There was something very wrong with that liquid!
You feel dopey.
It was a potion of degeneration.
Ijyb zaps a wand.
You are blasted!
Ouch! That really hurt!
You die...

.....................
.....................
....................
....................
....................
....................
...................
....................
........@...........
.......%g..........
.................
................
...............
.............
........... .########


You could see Ijyb.

Vanquished Creatures
  3 adders
  A giant mite (D:3)
  2 giant geckos (D:1)
  An ooze (D:1)
  A ball python (D:2)
  6 bats
  4 giant cockroaches
  4 hobgoblins
  2 jackals (D:3)
  4 kobolds
  A quokka (D:2)
  3 giant newts
  5 goblins
  6 rats
43 creatures vanquished.

Notes
Turn   | Place    | Note
--------------------------------------------------------------
     0 | D:1      | Leibowitz, the Kobold Gladiator, began the quest for the Orb.
     0 | D:1      | Reached XP level 1. HP: 12/12 MP: 1/1
    90 | D:1      | Reached XP level 2. HP: 13/18 MP: 2/2
   478 | D:1      | Reached skill level 1 in Stealth
   515 | D:1      | Reached XP level 3. HP: 19/22 MP: 3/3
  1093 | D:2      | Reached XP level 4. HP: 27/27 MP: 4/4
  1496 | D:3      | Reached skill level 5 in Short Blades
  1513 | D:3      | Noticed Ijyb
  1519 | D:3      | HP: 1/28 [disintegration (14)]
  1521 | D:3      | Gained mutation: Your flesh is cold resistant. [potion of mutation]
  1521 | D:3      | Gained mutation: Your spells are a little harder to cast, but a little more powerful. [potion of mutation]
  1521 | D:3      | Lost mutation: Your spells are a little harder to cast, but a little more powerful. [potion of mutation]
  1522 | D:3      | Blown up by Ijyb

Action                   |  1- 3 |  4- 6 || total
-------------------------+-------+-------++-------
Melee: Cutlass           |    97 |    43 ||   140
Evoke: Wand              |     1 |       ||     1
  Use: Potion            |       |     3 ||     3
 Stab: Sleeping          |     2 |     2 ||     4
